 Dungeon Sprint DCSS version 0.21-a0-417-g0adc95b (webtiles) character file.

5385 Kidiri the Fighter (level 10, -9/97 HPs)
             Began as a Pale Draconian Transmuter on Nov 3, 2017.
             Was the Champion of Wu Jian.
             Mangled by a komodo dragon (20 damage)
             ... in the Dungeon (Sprint III: "The Ten Rune Challenge").
             The game lasted 00:12:17 (2300 turns).

Kidiri the Fighter (Pale Draconian Transmuter)      Turns: 2300, Time: 00:12:19

Health: -9/97      AC:  7    Str: 14    XL:     10   Next: 39%
Magic:  20/23      EV: 17    Int: 13    God:    Wu Jian [******]
Gold:   49         SH:  0    Dex: 16    Spells: 4/23 levels left

rFire    + . .     SeeInvis .     - Unarmed
rCold    . . .     Gourm    .   (shield currently unavailable)
rNeg     . . .     Faith    .   (armour unavailable)
rPois    .         Spirit   .   (helmet restricted)
rElec    .         Reflect  .   (no cloak)
rCorr    .         Harm     .   (gloves currently unavailable)
MR       .....     NoTele   +   (no boots)
Stlth    ++........             (no amulet)
HPRegen  0.26/turn              (no ring)
MPRegen  0.18/turn              (no ring)

@: lethally poisoned (-9 -> -44), exhausted, blade hands (expiring), glowing,
heavenly storm
A: breathe steam, unfitting armour, antennae 1, agile 1, fire resistance 1, high
mp 1, cold-blooded, AC +7
a: Breathe Steam, End Transformation, Serpent's Lash, Heavenly Storm, Renounce
Religion


You were in the Dungeon.
You worshipped Wu Jian.
Wu Jian was exalted by your worship.
You were not hungry.
You had blades for hands.
You visited 1 branch You collected 49 gold pieces.

Inventory:

Missiles
 a - 10 arrows
 h - 9 throwing nets (quivered)
Scrolls
 i - a scroll of blinking
 j - 6 scrolls of remove curse
 m - 2 scrolls of torment
 n - 2 scrolls of identify
 q - a scroll of immolation
Potions
 d - a potion of curing
 f - a potion of haste
 g - 2 potions of magic
 l - a potion of mutation
 p - 3 potions of flight
Books
 u - a book of Misfortune

   Spells                             Type                      Level
   a - Confusing Touch                Hexes                        1
   b - Confuse                        Hexes                        3
   c - Gell's Gravitas                Translocation                3
   d - Petrify                        Transmutation/Earth          4
   e - Metabolic Englaciation         Hexes/Ice                    5
   f - Yara's Violent Unravelling     Hexes/Transmutation          5
Comestibles
 b - 27 royal jellies
 c - a bread ration
 o - a meat ration


   Skills:
 * Level 11.7 Fighting
 + Level 7.3 Dodging
 + Level 7.7 Stealth
 * Level 11.2 Unarmed Combat
 + Level 7.4 Spellcasting
 * Level 10.9 Transmutations
 + Level 6.0 Ice Magic
 + Level 3.3 Earth Magic
 + Level 7.4 Poison Magic


You had 4 spell levels left.
You knew the following spells:

 Your Spells              Type           Power        Failure   Level  Hunger
a - Beastly Appendage     Tmut           ####..       8%          1    None
b - Sticks to Snakes      Tmut           ####....     10%         2    #......
c - Spider Form           Tmut/Pois      ####......   16%         3    ##.....
d - Ice Form              Ice/Tmut       ####....     30%         4    ####...
e - Petrify               Tmut/Erth      ###.....     41%         4    ####...
f - Blade Hands           Tmut           ####......   30%         5    ######.


Dungeon Overview and Level Annotations

Branches:
Dungeon (1/1)

Altars:
Cheibriados
Dithmenos
Elyvilon
Fedhas
Gozag
Hepliaklqana
Kikubaaqudgha
Makhleb
Nemelex Xobeh
Okawaru
Qazlal
Ru
Sif Muna
Trog
Uskayaw
Vehumet
Wu Jian
Xom
Yredelemnul
Zin
The Shining One
Beogh
Jiyva
Lugonu

Annotations:
D exclusion: 2 doors


Innate Abilities, Weirdness & Mutations

You can breathe blasts of scalding, opaque steam.
Your pale cyan-grey scales are hard. (AC +7)
You cannot fit into any form of body armour.
You are cold-blooded and may be slowed by cold attacks.
You have a pair of small antennae on your head.
You are agile. (Dex +2)
Your flesh is heat resistant. (rF+)
You have an increased reservoir of magic. (+10% MP)


Message History

You lunge with incredible momentum at the komodo dragon.
You slice the komodo dragon!!
The komodo dragon is heavily wounded.
SWOOSH!
Unknown command.
You slash the komodo dragon!
The komodo dragon is severely wounded.
You feel sick. The spiny frog stings you!!
You are lethally poisoned!
The spiny frog poisons you! The komodo dragon bites you!!
* * * LOW HITPOINT WARNING * * *
Unknown command.
Unknown command.
You feel much better.
* * * LOW HITPOINT WARNING * * *
You feel very sick. The spiny frog stings you!
* * * LOW HITPOINT WARNING * * *
The komodo dragon bites you!!
You die...

.♣..'.⌠........# ≈♣♣.#...######'#
....#.⌠.#__#)..#+################
....#...#__#...#....#.#.#)....#..
....#+###__#...##.#..#.##.###.#..
....#...#__#...'##.#.#.##.#..##..
....#___#__+...#...#..#..##..'%..
▓▓▓▓▓▓▓▓▓▓▓▓▓▓▓▓▓▓▓▓▓▓▓▓▓▓▓▓▓#.%.
♣†§§l@§§....≈≈≈...#...
♣'♣§§F§§§≈≈≈≈≈≈♣♣P.'...
.≈♣♣♣♣♣♣♣♣♣♣♣♣♣♣♣♣PP#... #..
♣♣♣##+# ##


You could see a komodo dragon and a spiny frog.

Vanquished Creatures
  Erolcha (D)
  A deep elf mage (D)
  A spiny frog (D)
  A queen bee (D)
  A shadow (D)
  2 redbacks (D)
  3 wandering mushrooms (D)
  A spatial vortex (D)
  A necrophage (D)
  5 two-headed ogres (D)
  A water elemental (D)
  32 killer bees (D)
  A jelly (D)
  Jessica (D)
  A necromancer (D)
  A wizard (D)
  3 humans (D)
  A kobold demonologist (D)
  2 oozes (D)
  A phantom (D)
  A rat (D)
62 creatures vanquished.

Vanquished Creatures (others)
  2 draconian scorchers (D)
  6 hellions (D)
  2 yaktaurs (D)
  4 plants (D)
14 creatures vanquished.

Grand Total: 76 creatures vanquished

Notes
Turn   | Place    | Note
-------+----------+-------------------------------------------
     0 | D        | Kidiri the Draconian Transmuter began the quest for the Orb.
     0 | D        | Reached XP level 1. HP: 16/16 MP: 3/3
    10 | D        | Reached skill level 1 in Stealth
    10 | D        | Reached XP level 2. HP: 21/25 MP: 3/5
    29 | D        | Learned a level 2 spell: Sticks to Snakes
    59 | D        | Noticed Jessica
    66 | D        | Killed Jessica
    66 | D        | Reached XP level 3. HP: 26/31 MP: 5/7
    69 | D        | Killed a hellion
    80 | D        | Learned a level 3 spell: Spider Form
    96 | D        | Killed a hellion
    97 | D        | Killed a hellion
    98 | D        | Killed a hellion
   156 | D        | Gained mutation: You have sharp toenails. [potion of mutation]
   156 | D        | Gained mutation: You have razor-sharp toenails. [potion of mutation]
   157 | D        | Lost mutation: You have razor-sharp toenails. [potion of mutation]
   157 | D        | Lost mutation: You have sharp toenails. [potion of mutation]
   157 | D        | Gained mutation: You have a pair of small antennae on your head. [potion of mutation]
   157 | D        | Gained mutation: Your tail ends in a poisonous barb. [potion of mutation]
   157 | D        | Gained mutation: Your tail ends in a sharp poisonous barb. [potion of mutation]
   163 | D        | Killed a yaktaur
   169 | D        | Killed a white draconian scorcher
   169 | D        | Killed a white draconian scorcher
   173 | D        | Killed a hellion
   176 | D        | Killed a hellion
   178 | D        | Lost mutation: Your tail ends in a sharp poisonous barb. [potion of mutation]
   178 | D        | Lost mutation: Your tail ends in a poisonous barb. [potion of mutation]
   178 | D        | Gained mutation: You are agile. (Dex +2) [potion of mutation]
   178 | D        | Gained mutation: Your flesh is heat resistant. (rF+) [potion of mutation]
   178 | D        | Gained mutation: You have an increased reservoir of magic. (+10% MP) [potion of mutation]
   313 | D        | Noticed a water elemental
   326 | D        | Killed a water elemental
   326 | D        | Reached skill level 5 in Unarmed Combat
   326 | D        | Reached skill level 1 in Poison Magic
   326 | D        | Reached XP level 4. HP: 12/41 MP: 2/9
   426 | D        | Killed a yaktaur
   574 | D        | Found an ornate altar of the Wu Jian Council.
   574 | D        | Found a roughly hewn altar of Beogh.
   574 | D        | Found an iron altar of Okawaru.
   574 | D        | Found a bloodstained altar of Trog.
   574 | D        | Found a hide-covered altar of Uskayaw.
   574 | D        | Noticed a human
   575 | D        | Noticed a human
   577 | D        | Became a worshipper of the Wu Jian Council
   582 | D        | Killed a human
   582 | D        | Reached skill level 5 in Transmutations
   582 | D        | Reached XP level 5. HP: 46/50 MP: 7/12
   590 | D        | Killed a human
   590 | D        | Reached XP level 6. HP: 57/60 MP: 8/13
   646 | D        | Learned a level 4 spell: Ice Form
   691 | D        | Found a radiant altar of Vehumet.
   692 | D        | Found a deep blue altar of Sif Muna.
   692 | D        | Found an ancient bone altar of Kikubaaqudgha.
   695 | D        | Reached * piety under Wu Jian
   753 | D        | Found a glowing silver altar of Zin.
   754 | D        | Found a glowing golden altar of the Shining One.
   754 | D        | Found a white marble altar of Elyvilon.
   754 | D        | Noticed a deep elf mage
   760 | D        | Killed a deep elf mage
   760 | D        | Reached skill level 5 in Dodging
   760 | D        | Reached skill level 5 in Stealth
   760 | D        | Reached skill level 5 in Spellcasting
   760 | D        | Your scales start taking on a pale cyan-grey colour.
   760 | D        | Reached XP level 7. HP: 46/68 MP: 12/16
   872 | D        | Learned a level 5 spell: Blade Hands
   876 | D        | Found a basalt altar of Yredelemnul.
   876 | D        | Found a shadowy altar of Dithmenos.
   876 | D        | Found a sacrificial altar of Ru.
   878 | D        | Reached ** piety under Wu Jian
   890 | D        | Noticed a shadow
   898 | D        | Killed a shadow
   898 | D        | Reached skill level 5 in Poison Magic
   898 | D        | Reached XP level 8. HP: 42/75 MP: 14/17
  1048 | D        | Found a blossoming altar of Fedhas.
  1048 | D        | Found a stormy altar of Qazlal.
  1048 | D        | Found a snail-covered altar of Cheibriados.
  1048 | D        | Found a burning altar of Makhleb.
  1048 | D        | Found a shimmering altar of Xom.
  1050 | D        | Found a hazy altar of Hepliaklqana.
  1050 | D        | Found an opulent altar of Gozag.
  1050 | D        | Found a sparkling altar of Nemelex Xobeh.
  1050 | D        | Found a corrupted altar of Lugonu.
  1050 | D        | Found a viscous altar of Jiyva.
  1058 | D        | Reached *** piety under Wu Jian
  1401 | D        | Noticed a two-headed ogre
  1403 | D        | Killed a two-headed ogre
  1403 | D        | Reached **** piety under Wu Jian
  1435 | D        | Noticed a two-headed ogre
  1435 | D        | Noticed Erolcha
  1439 | D        | Killed a two-headed ogre
  1439 | D        | Reached XP level 9. HP: 85/85 MP: 14/20
  1442 | D        | Killed Erolcha
  1442 | D        | Reached skill level 10 in Fighting
  1442 | D        | Reached skill level 10 in Unarmed Combat
  1518 | D        | Learned a level 4 spell: Petrify
  1521 | D        | Reached skill level 5 in Ice Magic
  1523 | D        | Reached ***** piety under Wu Jian
  1523 | D        | Reached skill level 10 in Transmutations
  1523 | D        | Reached skill level 1 in Earth Magic
  1671 | D        | Reached ****** piety under Wu Jian
  1684 | D        | Reached XP level 10. HP: 50/95 MP: 20/22
  1722 | D        | HP: 4/96 [queen bee (17)]
  2286 | D        | Noticed a spiny frog
  2286 | D        | Noticed a spiny frog
  2293 | D        | Killed a spiny frog
  2300 | D        | Mangled by a komodo dragon

Vault maps used:
D:        dungeon_sprint_mu

Skill      XL: |  1  2  3  4  5  6  7  8  9 10 |
---------------+-------------------------------+-----
Fighting       | 2 3 4 6 7 8 9 11 | 11.7
Dodging        | 2 3 4 5 6 7 |  7.3
Stealth        | 1 2 3 4 5 6 7 |  7.7
Unarmed Combat | 4 5 6 7 8 9 10 11 | 11.2
Transmutations | 3 4 5 6 7 8 9 10 | 10.9
Spellcasting   | 3 4 5 6 7 |  7.4
Poison Magic   | 1 2 3 4 5 7 |  7.4
Ice Magic      | 2 3 4 5 6 |  6.0
Earth Magic    | 2 3 |  3.3

Action                   |  1- 3 |  4- 6 |  7- 9 | 10-12 || total
-------------------------+-------+-------+-------+-------++-------
Melee: Unarmed           |    43 |    25 |    85 |    49 ||   202
       Tailslap          |     6 |       |    11 |     3 ||    20
       Kick              |     5 |       |       |       ||     5
       Punch             |     1 |       |     3 |     1 ||     5
 Cast: Beastly Appendage |     4 |       |       |       ||     4
       Spider Form       |     2 |     3 |       |       ||     5
       Sticks to Snakes  |     2 |       |       |       ||     2
       Blade Hands       |       |       |     8 |     6 ||    14
Invok: Serpent's Lash    |       |       |       |     1 ||     1
       Heavenly Storm    |       |       |       |     1 ||     1
  Use: Potion            |     3 |     1 |       |     2 ||     6
       Scroll            |       |       |     2 |       ||     2
 Stab: Sleeping          |     1 |     1 |     6 |       ||     8
  Eat: Chunk             |       |       |     4 |       ||     4
       Royal jelly       |       |       |     1 |       ||     1
       Meat ration       |       |       |       |     1 ||     1
Armor: Skin              |     4 |       |     5 |     3 ||    12
Dodge: Dodged            |    26 |    19 |    64 |    34 ||   143

Table legend:
 A = Spawn XP
 B = Non-spawn XP
 C = Spawn XP percentage of total XP
 D = Spawn monster count
 E = Non-spawn monster count
 F = Spawn count percentage of total count
 G = Total turns spent on level
                    A         B        C        D         E        F      G
               +---------+---------+-------+---------+---------+-------+---------
         Total |       0 |    7693 |   0.0 |       0 |      62 |   0.0 |  2300
               +---------+---------+-------+---------+---------+-------+---------
             D |       0 |    7693 |   0.0 |       0 |      62 |   0.0 |  2300
               +---------+---------+-------+---------+---------+-------+---------
